 Dungeon Crawl Stone Soup version 0.30-a0-459-g9104f0fc43 (webtiles) character file.

Game seed: 13578126608969355054

3317 cforsyth the Ruffian (level 9, -4/89 HPs)
             Began as a Troll Fighter on Dec 15, 2022.
             Killed from afar by Dowan (9 damage)
             ... with a shard of ice
             ... on level 6 of the Dungeon.
             The game lasted 00:10:14 (6277 turns).

cforsyth the Ruffian (Troll Fighter)                Turns: 6277, Time: 00:10:15

Health: -4/89      AC:  4    Str: 26    XL:     9   Next: 71%
Magic:  8/8        EV: 10    Int:  8    God:
Gold:   342        SH:  8    Dex:  9    Spells: 8/8 levels left

rFire   . . .      SeeInvis +      - Unarmed
rCold   + . .      Faith    .    b - +0 kite shield
rNeg    . . .      Spirit   .    a - +0 robe
rPois   .          Reflect  .    (helmet restricted)
rElec   .          Harm     .    (no cloak)
rCorr   .          Rampage  .    (gloves unavailable)
Will    .....                    (boots unavailable)
Stlth   +.........               (no amulet)
HPRegen 1.14/turn                g - ring of protection from cold
MPRegen 0.11/turn                u - ring of see invisible

@: mighty, lethally poisoned (-4 -> -5)
A: large, unfitting armour, claws 3, regeneration 1, shaggy fur 1, tough skin 1
a: no special abilities


You were on level 6 of the Dungeon.
You visited 1 branch of the dungeon, and saw 7 of its levels.

You collected 392 gold pieces.
You spent 50 gold pieces at shops.

Inventory:

Armour
 a - a +0 robe (worn)
 b - a +0 kite shield (worn)
Jewellery
 g - a ring of protection from cold (left claw)
 u - a ring of see invisible (right claw)
Wands
 l - a wand of roots (21)
 p - a wand of polymorph (8)
 y - a wand of mindburst (8)
 F - a wand of flame (9)
Scrolls
 h - 2 scrolls of blinking
 j - a scroll of fog {unknown}
 m - a scroll of poison {unknown}
 q - a scroll of teleportation {unknown}
 r - 2 scrolls of amnesia {unknown}
 s - a scroll of vulnerability {unknown}
 v - a scroll of enchant armour {unknown}
 w - a scroll of brand weapon {unknown}
 x - 2 scrolls of enchant weapon {unknown}
 A - a scroll of identify
 B - a scroll of noise {unknown}
 D - a scroll of fear {unknown}
 E - a scroll of summoning {unknown}
Potions
 c - 2 potions of might
 d - a potion of lignification {unknown}
 e - 3 potions of curing
 f - a potion of cancellation {unknown}
 i - 3 potions of attraction
 k - 7 potions of mutation
 n - a potion of haste {unknown}
 o - 2 potions of ambrosia
 t - 2 potions of brilliance {unknown}
 z - a potion of flight
 C - a potion of degeneration {unknown}
 G - 2 potions of magic {unknown}


   Skills:
 + Level 6.2 Fighting
 + Level 6.3 Dodging
 + Level 6.9 Shields
 + Level 7.1 Unarmed Combat


You had 8 spell levels left.
You didn't know any spells.
Your spell library contained the following spells:

 Spells                   Type           Power      Damage    Failure   Level
 Ozocubu's Armour         Ice            0%         N/A       95%         3
 Ozocubu's Refrigeration  Ice            0%         4d7       100%        7


Dungeon Overview and Level Annotations

Branches:
Dungeon (7/15)             Temple (0/1) D:5

Altars:
Cheibriados
Gozag
Kikubaaqudgha
Vehumet

Shops:
D:2 [   D:3 !

Annotations:
D:6 Dowan


Innate Abilities, Weirdness & Mutations

You are too large for most types of armour.
You have claws for hands.
Your natural rate of healing is unusually fast.
You are covered in fur. (AC +1)
You have tough skin. (AC +1)


Message History

Dowan drinks a potion.
Dowan is healed!
The bullfrog barely misses you. You block Dowan's attack.
The bullfrog hits you.
* * * LOW HITPOINT WARNING * * *
Unknown command.
You barely miss Dowan.
Dowan is severely wounded.
* * * LOW HITPOINT WARNING * * *
You feel very sick.
The bullfrog hits you but does no damage.
Dowan closely misses you.
Unknown command.
You scratch Dowan.
Dowan is severely wounded.
* * * LOW HITPOINT WARNING * * *
You feel very sick. Dowan gestures at you while chanting.
The stone arrow hits you.
* * * LOW HITPOINT WARNING * * *
The bullfrog hits you but does no damage.
You block Dowan's attack. You block the bullfrog's attack.
Unknown command.
Unknown command.
You feel better. You block the bullfrog's attack.
Dowan hits you with a +0 dagger of venom.
* * * LOW HITPOINT WARNING * * *
You are poisoned.
Unknown command.
You feel very mighty all of a sudden.
You feel very sick. Dowan hits you but does no damage.
The bullfrog barely misses you. Dowan barely misses you.
You block the bullfrog's attack.
Unknown command.
Unknown command.
You barely miss Dowan.
Dowan is severely wounded.
You feel sick. You block the bullfrog's attack.
Dowan says, "Magic will overcome all!"
Dowan casts a spell at you. The shard of ice hits you! You partially resist.
You die...

....## ##..........##
.......## #.......##.#
........####......##.##
.........###......###.#
(..........##.....# #.##
............#.....# #..#
..................# ##.#
......e...........####..
......F@...........##...
......)............#....
...................#..#.
.....................###
.............#......## #
.........#####......## #
...####### #.......# #
### #.......###
#........#.


You could see Dowan (fast) and a bullfrog.

Vanquished Creatures
  Pikel (D:6)
  Grinder (D:5)
  Sigmund (D:2)
  Eustachio (D:6)
  A yak (D:5)
  Duvessa (D:6)
  2 water moccasins (D:6)
  A black bear (D:5)
  An ice beast (D:6)
  An orc warrior (D:7)
  2 ogres
  A centaur (D:5)
  A lemure (D:6)
  2 bullfrogs
  A necrophage (D:6)
  A gnoll sergeant (D:6)
  3 vampire bats (D:7)
  2 howler monkeys
  2 hounds (D:5)
  6 orc priests
  4 iguanas
  A jelly (D:6)
  Terence (D:2)
  A gnoll bouda (D:5)
  6 orc wizards
  Robin (D:2)
  13 gnolls
  10 adders
  A white imp (D:5)
  2 worms
  3 dart slugs
  37 orcs
  4 bats
  3 bat skeletons (D:7)
  2 bat zombies (D:7)
  7 endoplasms
  3 giant cockroaches
  16 goblins
  8 hobgoblins
  4 jackals (D:1)
  9 kobolds
  A quokka (D:1)
  8 ball pythons
  2 frilled lizards
  6 rats
185 creatures vanquished.

Notes
Turn   | Place    | Note
-------+----------+-------------------------------------------
     0 | D:1      | cforsyth the Troll Fighter began the quest for the Orb.
     0 | D:1      | Reached XP level 1. HP: 22/22 MP: 0/0
    87 | D:1      | You fall into a shaft and drop 1 floor!
   156 | D:2      | Reached XP level 2. HP: 29/29 MP: 1/1
   170 | D:2      | Found an opulent altar of Gozag.
   217 | D:2      | Found Zeafo's Armour Shop.
   298 | D:1      | Reached XP level 3. HP: 36/36 MP: 2/2
  1238 | D:2      | Noticed Sigmund
  1714 | D:2      | HP: 1/36 [constriction (6)]
  1715 | D:2      | Killed Sigmund
  1716 | D:2      | Reached skill level 3 in Unarmed Combat
  1716 | D:2      | Reached XP level 4. HP: 3/45 MP: 3/3
  1716 | D:2      | Reached XP level 5. HP: 4/53 MP: 4/4
  1842 | D:2      | Found a faded altar of an unknown god.
  1873 | D:2      | Noticed Terence
  1880 | D:2      | Killed Terence
  1925 | D:2      | Reached XP level 6. HP: 44/61 MP: 5/5
  1971 | D:2      | Noticed Robin
  2017 | D:2      | Killed Robin
  2307 | D:3      | Found Sexkit's Distillery.
  2318 | D:3      | Bought a potion of heal wounds for 50 gold pieces
  2525 | D:3      | Reached skill level 4 in Unarmed Combat
  2710 | D:3      | Reached XP level 7. HP: 68/68 MP: 6/6
  3782 | D:5      | Entered Level 5 of the Dungeon
  3867 | D:5      | Identified the +11 plate armour "Ivahohac" {Drain rPois rC+
                  | Regen+}
  3965 | D:5      | Noticed Grinder
  3973 | D:5      | Killed Grinder
  3974 | D:5      | Reached skill level 5 in Shields
  3974 | D:5      | Reached skill level 5 in Unarmed Combat
  3974 | D:5      | Reached XP level 8. HP: 69/79 MP: 7/7
  4012 | D:5      | Found a staircase to the Ecumenical Temple.
  4337 | D:5      | Reached skill level 5 in Dodging
  4349 | D:5      | Reached skill level 5 in Fighting
  4487 | D:6      | Noticed Eustachio
  4576 | D:6      | Killed Eustachio
  4685 | D:6      | Reached skill level 6 in Unarmed Combat
  4763 | D:6      | HP: 4/80 [poisoned by a gnoll sergeant]
  4764 | D:6      | HP: 1/80 [poisoned by a gnoll sergeant]
  4788 | D:7      | Found a snail-covered altar of Cheibriados.
  4886 | D:7      | Reached XP level 9. HP: 74/88 MP: 8/8
  5085 | D:7      | Found a radiant altar of Vehumet.
  5502 | D:7      | Found an ancient bone altar of Kikubaaqudgha.
  5654 | D:6      | HP: 1/88 [gnoll sergeant/+3 trident of venom (9)]
  5914 | D:6      | Noticed Pikel
  5949 | D:6      | Killed Pikel
  6003 | D:6      | Reached skill level 7 in Unarmed Combat
  6258 | D:6      | Noticed Duvessa
  6259 | D:6      | Noticed Dowan
  6270 | D:6      | Killed Duvessa
  6274 | D:6      | HP: 3/89 [Dowan/stone arrow (3)]
  6277 | D:6      | Killed from afar by Dowan

Illustrated notes

Levels and vault maps discovered:
D:1:      dpeg_arrival_chambers_temple_mockup, layout_loops_corners
D:2:      layout_rooms, basic_altar, shapermc_ecumenical_altar_starsandcircs,
          serial_shops, nicolae_shop_advertising_works
          [nicolae_subvault_shop_adworks], uniq_terence, uniq_robin,
          uniq_sigmund
D:3:      layout_basic, serial_shops, nicolae_lakefront_shop
D:4:      layout_gridville
D:5:      minmay_clustersquares, layout_cave_pools, minmay_temple_entry_grid,
          nicolae_elevator_lobby_plus, uniq_grinder
D:6:      layout_cave_pods, kennysheep_pointless_box, lexackson_kobold_supper,
          uniq_pikel, uniq_duvessa, uniq_eustachio
D:7:      layout_gridville, kennysheep_mini, fiery_altar_vehumet,
          kennysheep_vampire_church

Skill      XL: |  1  2  3  4  5  6  7  8  9 |
---------------+----------------------------+-----
Shields        | 3 4 5 6 |  6.9
Fighting       | 3 4 5 6 |  6.2
Dodging        | 3 4 5 6 |  6.3
Unarmed Combat | 3 4 5 6 7 |  7.1

Action                   |  1- 3 |  4- 6 |  7- 9 || total
-------------------------+-------+-------+-------++-------
Melee: Unarmed           |    98 |   198 |   358 ||   654
  Use: Scroll            |       |       |     5 ||     5
       Potion            |       |       |     4 ||     4
Armor: Robe              |    31 |    47 |   113 ||   191
Dodge: Dodged            |    26 |    59 |   160 ||   245
Block: Kite shield       |    26 |    66 |   211 ||   303

Table legend: (Time is in decaauts)
 A = Elapsed time spent in this place.
 B = Non-inter-level travel time spent in this place.
 C = Inter-level travel time spent in this place.
 D = Time resting spent in this place.
 E = Time spent auto-exploring this place.
 F = Levels seen in this place.
 G = Mean time per level.
                   A        B        C        D        E       F      G
               +--------+--------+--------+--------+--------+-----+--------+
         Total |   6310 |   6109 |    201 |    534 |   4097 |   7 |  901.4 |
       Dungeon |   6310 |   6109 |    201 |    534 |   4097 |   7 |  901.4 |
               +--------+--------+--------+--------+--------+-----+--------+

Top non-repeatable levels by time:
     D:1: 1489 daAuts
     D:7: 939 daAuts
     D:6: 878 daAuts
     D:4: 830 daAuts
     D:2: 817 daAuts
     D:5: 681 daAuts
     D:3: 672 daAuts
